 Dungeon Crawl Stone Soup version 0.30-a0-567-gf7fd966b4a (webtiles) character file.

Game seed: 10229029474005216471

2758 hollybug the Fighter (level 9, -7/75 HPs)
             Began as a Demonspawn Fighter on Dec 28, 2022.
             Was an Elder of Cheibriados.
             Mangled by a catoblepas (9 damage)
             ... while petrified by a catoblepas
             ... on level 1 of the Lair of Beasts.
             The game lasted 00:19:07 (4513 turns).

hollybug the Fighter (Demonspawn Fighter)           Turns: 4513, Time: 00:19:08

Health: -7/75      AC:  8    Str: 30    XL:     9   Next: 41%
Magic:  0/9        EV:  2    Int: 24    God:    Cheibriados [****..]
Gold:   292        SH:  0    Dex: 24    Spells: 8/8 levels left

rFire   + . .      SeeInvis .    r - +4 dagger "Morg" {pain, Will+ Int+5}
rCold   . . .      Faith    .    c - +0 buckler
rNeg    + + +      Spirit   +    B - +1 scale mail {rF+}
rPois   ∞          Reflect  .    (no helmet)
rElec   .          Harm     .    (no cloak)
rCorr   .          Rampage  .    (no gloves)
Will    +....                    (boots unavailable)
Stlth   +                        g - amulet of guardian spirit
HPRegen 0.32/turn                q - +5 ring of evasion
MPRegen 0.22/turn                t - +5 ring of evasion

@: petrified, very slow
A: hooves 3, repulsion field 1, spiny 1, magic regeneration
a: Renounce Religion, Bend Time, Temporal Distortion, Slouch


You were on level 1 of the Lair of Beasts.
You worshipped Cheibriados.
Cheibriados was greatly pleased with you.
You visited 2 branches of the dungeon, and saw 10 of its levels.

You collected 292 gold pieces.

Inventory:

Hand Weapons
 a - a +0 heavy long sword
 p - a +2 long sword
 r - the +4 dagger "Morg" (weapon) {pain, Will+ Int+5}
   (You found it on level 3 of the Dungeon)

   In the hands of one skilled in necromantic magic, it inflicts extra damage on
   living creatures.
   Int:       It affects your intelligence (+5).
   Will:      It increases your willpower.
 w - a +2 scimitar
 x - a +4 short sword of freezing
 y - a +0 flail
 z - a +0 hand axe
Missiles
 e - 9 boomerangs (quivered)
 l - a throwing net
Armour
 b - a +0 scale mail
 c - a +0 buckler (worn)
 s - a +0 ring mail of cold resistance
 B - a +1 scale mail of fire resistance (worn)
Jewellery
 g - an amulet of guardian spirit (around neck)
 h - an amulet of magic regeneration
 q - a +5 ring of evasion (left hand)
 t - a +5 ring of evasion (right hand)
 A - an amulet of the acrobat
Wands
 o - a wand of flame (9)
 u - a wand of mindburst (9)
Scrolls
 m - 2 scrolls of poison
 n - 3 scrolls of amnesia
 v - a scroll of teleportation
Potions
 f - a potion of degeneration
 i - a potion of curing
 j - 3 potions of attraction
 k - a potion of magic


   Skills:
 * Level 8.4 Fighting
 + Level 5.0(5.6) Short Blades
 - Level 3.7(5.0) Long Blades
 + Level 5.7 Armour
 + Level 5.6 Shields


You had 8 spell levels left.
You didn't know any spells.
Your spell library contained the following spells:

 Spells                   Type           Power      Damage    Failure   Level
 Kiss of Death            Conj/Necr      0%         2d5       36%         1
 Cigotuvi's Dreadful Rot  Necr/Pois/Air  0%         N/A       50%         2
 Poisonous Vapours        Pois/Air       0%         N/A       50%         2
 Confusing Touch          Hex            0%         N/A       73%         3
 Gell's Gravitas          Tloc           0%         N/A       73%         3
 Lesser Beckoning         Tloc           0%         N/A       73%         3
 Mephitic Cloud           Conj/Pois/Air  0%         N/A       73%         3
 Ozocubu's Armour         Ice            0%         N/A       73%         3
 Teleport Other           Tloc           0%         N/A       73%         3
 Dispel Undead            Necr           0%         3d6       98%         4
 Metabolic Englaciation   Hex/Ice        0%         N/A       100%        5
 Simulacrum               Ice/Necr       0%         N/A       100%        6


Dungeon Overview and Level Annotations

Branches:
Dungeon (9/15)               Lair (1/5) D:9
 Temple: D:4-7          Orc: D:9-12

Altars:
Cheibriados
Fedhas
Nemelex Xobeh
Ru
Vehumet
Wu Jian


Innate Abilities, Weirdness & Mutations

You have hooves in place of feet.
You are surrounded by a mild repulsion field. (EV +2)
You are partially covered in sharp spines.
You regenerate magic rapidly.


Message History

The wyvern looks frightened!
The catoblepas easily resists.
You are engulfed in calcifying dust.
The catoblepas breathes a plume of calcifying dust at you.
The blast of calcifying dust hits you but does no damage.
The catoblepas breathes a plume of calcifying dust at you.
The blast of calcifying dust hits you.
The wyvern is no longer petrified.
The catoblepas breathes a plume of calcifying dust at you.
The blast of calcifying dust hits you.
* * * LOW HITPOINT WARNING * * *
You hit the catoblepas but do no damage.
You kick the catoblepas, but do no damage.
The catoblepas is severely wounded.
You are engulfed in calcifying dust.
The catoblepas snuffles in challenge.
The catoblepas is struck by your spines.
The catoblepas gores you but does no damage.
You barely miss the catoblepas. You kick the catoblepas.
The catoblepas is almost dead.
You are engulfed in calcifying dust.
You are slowing down.
The catoblepas misses you.
You hit the catoblepas. You kick the catoblepas.
The catoblepas is almost dead.
You are engulfed in calcifying dust.
Your limbs have turned to stone.
You block the catoblepas's attack.
You have turned to stone.
You are engulfed in calcifying dust.
The catoblepas breathes a plume of calcifying dust at you.
The blast of calcifying dust hits you but does no damage.
You are engulfed in calcifying dust.
The catoblepas gores you!
* * * LOW HITPOINT WARNING * * *
You are engulfed in calcifying dust.
The catoblepas gores you!!
* * * LOW HITPOINT WARNING * * *
The catoblepas breathes a plume of calcifying dust at you.
The blast of calcifying dust hits you!
* * * LOW HITPOINT WARNING * * *
You are engulfed in calcifying dust.
The wyvern hisses angrily.
The wyvern seems to regain its courage.
The catoblepas gores you!!
You die...

....... ..P.. .
### ..P#
..######.#####..#
.............<..##
................#
...............##
####..............
#§@Y....l......
#................
##.......###.####
#........# ##
#.......##
#.......#
#.......#
........P


You could see a catoblepas and a wyvern.

Vanquished Creatures
  Prince Ribbit (D:8)
  A wraith (D:7)
  4 orc warriors
  2 sky beasts
  A centaur (D:7)
  A phantom (D:6)
  A kobold brigand (D:7)
  2 necrophages
  2 gnoll sergeants (D:8)
  3 scorpions
  10 wights
  A hound (D:7)
  3 orc priests
  A jelly (D:6)
  3 iguanas
  5 orc wizards
  11 adders
  12 gnolls
  2 shadow imps
  An ufetubus (D:5)
  An adder zombie (D:2)
  An adder skeleton (D:2)
  2 dart slugs
  26 orcs
  A ball python (D:2)
  8 bats
  A bat skeleton (D:2)
  A bat zombie (D:2)
  6 endoplasms
  4 giant cockroaches
  4 goblins
  3 hobgoblins (D:2)
  4 jackals (D:1)
  2 quokkas
  A ball python skeleton (D:2)
  3 frilled lizards
  A jackal skeleton (D:2)
  10 kobolds
  5 rats
151 creatures vanquished.

Vanquished Creatures (others)
  A plant (Lair:1)
1 creature vanquished.

Grand Total: 152 creatures vanquished

Notes
Turn   | Place    | Note
-------+----------+-------------------------------------------
     0 | D:1      | hollybug the Demonspawn Fighter began the quest for the
                  | Orb.
     0 | D:1      | Reached XP level 1. HP: 18/18 MP: 1/1
   174 | D:1      | Gained mutation: You are partially covered in sharp spines.
                  | [demonic ancestry]
   174 | D:1      | Reached XP level 2. HP: 9/24 MP: 2/2
   345 | D:2      | Gained mutation: You are surrounded by a mild repulsion
                  | field. (EV +2) [demonic ancestry]
   345 | D:2      | Reached XP level 3. HP: 27/29 MP: 1/3
   557 | D:2      | Gained mutation: You have large cloven feet. [demonic
                  | ancestry]
   557 | D:2      | Reached XP level 4. HP: 37/37 MP: 4/4
  1038 | D:3      | Reached skill level 4 in Fighting
  1096 | D:3      | Found a faded altar of an unknown god.
  1111 | D:3      | Found a blossoming altar of Fedhas.
  1117 | D:3      | Prayed at the altar of an unknown god.
  1117 | D:3      | Became a worshipper of Cheibriados the Contemplative
  1117 | D:3      | Reached * piety under Cheibriados
  1186 | D:3      | Found the +4 dagger "Morg" {pain, Will+ Int+5}
  1299 | D:3      | Found a sacrificial altar of Ru.
  1393 | D:3      | Found an ornate altar of the Wu Jian Council.
  1512 | D:3      | Reached XP level 5. HP: 32/42 MP: 3/5
  1617 | D:3      | Found a sparkling altar of Nemelex Xobeh.
  1776 | D:4      | Reached skill level 1 in Short Blades
  1841 | D:4      | Reached ** piety under Cheibriados
  1842 | D:4      | Found a snail-covered altar of Cheibriados.
  1877 | D:4      | Gained mutation: You have hoof-like feet. [demonic
                  | ancestry]
  1877 | D:4      | Reached XP level 6. HP: 21/49 MP: 3/6
  2219 | D:5      | Entered Level 5 of the Dungeon
  2232 | D:5      | Found a radiant altar of Vehumet.
  2329 | D:5      | Reached skill level 5 in Fighting
  2410 | D:5      | Noticed an orc warrior
  2430 | D:5      | Killed an orc warrior
  2431 | D:5      | Gained mutation: You regenerate magic rapidly. [demonic
                  | ancestry]
  2431 | D:5      | Reached XP level 7. HP: 19/56 MP: 3/7
  3097 | D:6      | Reached skill level 6 in Fighting
  3419 | D:6      | Reached XP level 8. HP: 64/64 MP: 8/8
  3454 | D:6      | Reached *** piety under Cheibriados
  3710 | D:7      | Reached skill level 7 in Fighting
  3769 | D:7      | Reached skill level 5 in Armour
  3794 | D:7      | Reached skill level 5 in Shields
  3892 | D:7      | Gained mutation: You have hooves in place of feet. [demonic
                  | ancestry]
  3892 | D:7      | Reached XP level 9. HP: 73/73 MP: 9/9
  4006 | D:8      | Reached **** piety under Cheibriados
  4042 | D:8      | Noticed Prince Ribbit
  4065 | D:8      | Reached skill level 8 in Fighting
  4077 | D:8      | Killed Prince Ribbit
  4458 | D:9      | Found a staircase to the Lair.
  4463 | D:9      | Reached skill level 5 in Short Blades
  4486 | Lair:1   | Entered Level 1 of the Lair of Beasts
  4486 | Lair:1   | Noticed a catoblepas
  4512 | Lair:1   | HP: 2/75 [catoblepas/blast of calcifying dust (3)]
  4513 | Lair:1   | Mangled by a catoblepas

Illustrated notes

Levels and vault maps discovered:
D:1:      dpeg_arrival_water_temple_mockup, layout_basic,
          amcnicky_mini_rare_corridor_liquid, minivault_14
D:2:      layout_basic, serial_undead, serial_undead_a, serial_undead_e,
          serial_undead_d, serial_undead_e, serial_undead_a
D:3:      layout_basic, lemuel_crystal_altar, nicolae_overflow_ecumenical_swirl,
          nicolae_ru_path_of_blood, mainiacjoe_overflow_alcove_4,
          kennysheep_generic_room_16
D:4:      layout_rooms, cheibriados_altar_1, serial_curves, eino_curves_01,
          eino_curves_03, amethyst_killhole, minmay_misc_feat_room,
          uniq_crazy_yiuf_cottage
D:5:      layout_basic, gammafunk_temple_overflow_forgotten,
          mainiacjoe_overflow_brackets, chequers_serial_rivers_small_a,
          lightli_church_of_beogh
D:6:      layout_rooms, lemuel_crystal_altar
D:7:      layout_gridville, minmay_temple_entry_grid
D:8:      layout_rooms, uniq_prince_ribbit1
D:9:      layout_long_grid, lair_entry_dummy, uniq_maggie, uniq_grum
Lair:1:   layout_chaotic_city, chequers_serial_rivers_micro_d,
          beast_lair_carwin_1, grunt_megastairs_2

Skill      XL: |  1  2  3  4  5  6  7  8  9 |
---------------+----------------------------+-----
Long Blades    | 2 3 |  3.7
Armour         | 3 4 5 |  5.7
Shields        | 3 4 5 |  5.6
Fighting       | 4 5 6 7 8 |  8.4
Short Blades   | 1 2 3 4 5 |  5.0

Action                   |  1- 3 |  4- 6 |  7- 9 || total
-------------------------+-------+-------+-------++-------
Melee: Long sword        |    54 |    45 |    44 ||   143
       Kick              |       |    39 |   109 ||   148
       Dagger            |       |    84 |   211 ||   295
Throw: Boomerang         |       |       |     4 ||     4
Invok: Bend Time         |       |       |     1 ||     1
  Use: Scroll            |     1 |     4 |     8 ||    13
       Potion            |       |     6 |     3 ||     9
 Stab: Distracted        |       |       |     1 ||     1
Armor: Scale mail        |    40 |    22 |    30 ||    92
       Ring mail         |       |       |    11 ||    11
Dodge: Dodged            |    24 |   103 |   246 ||   373
Block: Buckler           |    16 |    34 |    94 ||   144

Table legend: (Time is in decaauts)
 A = Elapsed time spent in this place.
 B = Non-inter-level travel time spent in this place.
 C = Inter-level travel time spent in this place.
 D = Time resting spent in this place.
 E = Time spent auto-exploring this place.
 F = Levels seen in this place.
 G = Mean time per level.
                   A        B        C        D        E       F      G
               +--------+--------+--------+--------+--------+-----+--------+
         Total |   5434 |   5434 |      0 |   1243 |   1613 |  10 |  543.4 |
       Dungeon |   5406 |   5406 |      0 |   1243 |   1613 |   9 |  600.7 |
          Lair |     28 |     28 |      0 |      0 |      0 |   1 |   28.0 |
               +--------+--------+--------+--------+--------+-----+--------+

Top non-repeatable levels by time:
     D:5: 988 daAuts
     D:3: 783 daAuts
     D:2: 753 daAuts
     D:4: 731 daAuts
     D:7: 693 daAuts
     D:8: 574 daAuts
     D:6: 539 daAuts
     D:1: 298 daAuts
     D:9: 43 daAuts
  Lair:1: 28 daAuts
